[Event "Titled Tuesday Blitz May 16 Early 2023"]
[White "Sharapov, Evgeny"]
[Black "Itkis, Boris"]
[WhiteFideId "14103133"]
[BlackFideId "1209167"]
[WhiteElo "2367"]
[BlackElo "2216"]
[Result "0-1"]
[Round "03"]
[TimeControl "180+2"]
[Date "2023.05.16"]
[WhiteClock "0:01:38"]
[BlackClock "0:00:10"]

1. e4 c5 2. Nf3 Nc6 3. d4 cxd4 4. Nxd4 g6 5. c4 Bg7 6. Be3 Nf6 7. Nc3 O-O 8. Be2 d6 9. O-O Bd7 10. f3 Rc8 11. Qd2 a6 12. a4 Nxd4 13. Bxd4 Be6 14. Nd5 Nxd5 15. cxd5 Bd7 16. a5 Bxd4+ 17. Qxd4 Qc7 18. Rfc1 Qxc1+ 19. Rxc1 Rxc1+ 20. Kf2 Rc2 21. Ke3 Rc5 22. b4 Rc7 23. Qb6 Rfc8 24. Bd3 Kg7 25. g4 f6 26. h4 Be8 27. Kd4 Bf7 28. g5 fxg5 29. hxg5 h6 30. gxh6+ Kxh6 31. f4 g5 32. e5 gxf4 33. exd6 exd6 34. Qxd6+ Kg7 35. Qxf4 Rc1 36. d6 R1c4+ 37. Bxc4 Rxc4+ 38. Ke3 Rxf4 39. Kxf4 Be6 40. Ke5 Kf7 41. Kd4 Ke8 42. Kc5 Kd7 43. Kb6 Bd5 44. Kc5 Bc6 45. Kb6 Kxd6 46. b5 Bxb5 47. Kxb7 Kc5 48. Kc7 Bc4 49. Kd7 Bd5 50. Ke7 Kb4 51. Kd6 Kxa5 52. Kxd5 Kb4 53. Kd4 a5 54. Kd3 Kb3 55. Kd2 Kb2 0-1


[Site "https://www.chess.com"]

[Event "Titled Tuesday Blitz May 16 Early 2023"]
[White "Hinds, Nathan"]
[Black "Demin, Vladimir"]
[WhiteFideId "7400730"]
[BlackFideId "4167457"]
[WhiteElo "2001"]
[BlackElo "2540"]
[Result "0-1"]
[Round "03"]
[TimeControl "180+2"]
[Date "2023.05.16"]
[WhiteClock "0:00:17"]
[BlackClock "0:01:26"]

1. Nf3 d5 2. d4 Nf6 3. c4 e6 4. g3 Be7 5. Bg2 O-O 6. O-O dxc4 7. Ne5 Nc6 8. Bxc6 bxc6 9. Nxc6 Qe8 10. Nxe7+ Qxe7 11. Qc2 c5 12. Qxc4 cxd4 13. Qxd4 e5 14. Qh4 h6 15. Nc3 Bb7 16. Be3 Qe6 17. f3 e4 18. Rae1 Rfe8 19. Bd4 Nh7 20. fxe4 Ng5 21. Nd5 Qxe4 22. Qxe4 Rxe4 23. Nc7 Rc8 24. Nb5 Rxd4 25. Nxd4 Nh3# 0-1


[Site "https://www.chess.com"]

[Event "Titled Tuesday Blitz May 16 Early 2023"]
[White "brm72"]
[Black "Nastase, Robert-Paul"]
[BlackFideId "1221175"]
[WhiteElo "2540"]
[BlackElo "2175"]
[Result "0-1"]
[Round "03"]
[TimeControl "180+2"]
[Date "2023.05.16"]
[WhiteClock "0:00:07"]
[BlackClock "0:00:25"]

1. e4 c5 2. Nf3 d6 3. d4 cxd4 4. Nxd4 Nf6 5. Nc3 a6 6. Bg5 e6 7. f4 Nbd7 8. Qf3 Qc7 9. O-O-O b5 10. Bd3 Bb7 11. Rhe1 Qb6 12. Nb3 Rc8 13. Kb1 b4 14. Ne2 a5 15. Nbd4 a4 16. g4 Be7 17. Bxf6 Bxf6 18. Bb5 Ke7 19. g5 Bxd4 20. Nxd4 Nc5 21. h4 g6 22. Bf1 Rhd8 23. Bg2 d5 24. e5 Ne4 25. Ne2 Rc4 26. Ka1 Rxc2 27. h5 b3 28. a3 Rdc8 29. hxg6 hxg6 30. Qd3 Ba6 31. Qf3 Bxe2 32. Rxe2 Rc1+ 0-1


[Site "https://www.chess.com"]

[Event "Titled Tuesday Blitz May 16 Early 2023"]
[White "Shuvalov, Evgenij"]
[Black "Ansh M Shah"]
[WhiteFideId "4187237"]
[BlackFideId "25033379"]
[WhiteElo "2080"]
[BlackElo "2084"]
[Result "0-1"]
[Round "03"]
[TimeControl "180+2"]
[Date "2023.05.16"]
[WhiteClock "0:00:13"]
[BlackClock "0:00:09"]

1. d4 d5 2. c4 e6 3. Nc3 Nf6 4. cxd5 exd5 5. Bg5 Be7 6. e3 c6 7. Bd3 Nbd7 8. Nge2 O-O 9. Qc2 Re8 10. O-O h6 11. Bh4 Ne4 12. Bxe7 Qxe7 13. Bxe4 dxe4 14. d5 Nc5 15. Rad1 Bf5 16. Rd4 Rad8 17. Rfd1 Nd3 18. Ng3 Bg6 19. Ngxe4 cxd5 20. R1xd3 dxe4 21. Rd2 Rxd4 22. Rxd4 Rd8 23. Qd2 Rxd4 24. Qxd4 a6 25. h3 Kh7 26. Ne2 Bf5 27. Ng3 Bg6 28. a4 b5 29. a5 f6 30. Ne2 Bf7 31. Nc3 Bg6 32. Nd5 Qd6 33. Nf4 Qxd4 34. exd4 Bf7 35. b4 Bc4 36. h4 g5 37. hxg5 hxg5 38. Nh5 Kg6 39. g4 Be2 40. Ng3 Bf3 41. Kf1 Kf7 42. Ke1 Ke6 43. Kd2 Kd5 44. Kc3 Bxg4 45. Nf1 f5 46. Ne3+ Ke6 47. Nxg4 fxg4 48. Kd2 Kd5 49. Ke3 g3 50. fxg3 g4 51. Kf4 Kxd4 52. Kxg4 e3 53. Kf5 e2 54. g4 e1=Q 55. g5 Qxb4 56. g6 Qxa5 57. g7 Qd8 58. Kg6 Qg8 0-1


[Site "https://www.chess.com"]

[Event "Titled Tuesday Blitz May 16 Early 2023"]
[White "Tomiello, Mateus Costamilan"]
[Black "Rian, Kapriaga"]
[WhiteFideId "22701958"]
[BlackFideId "7103263"]
[WhiteElo "1990"]
[BlackElo "2325"]
[Result "1-0"]
[Round "03"]
[TimeControl "180+2"]
[Date "2023.05.16"]
[WhiteClock "0:00:08"]
[BlackClock "0:00:00"]

1. e4 c6 2. d4 d5 3. Nc3 dxe4 4. Nxe4 Bf5 5. Ng3 Bg6 6. Nf3 Nd7 7. h4 h6 8. h5 Bh7 9. Bd3 Bxd3 10. Qxd3 e6 11. Bd2 Ngf6 12. O-O-O Be7 13. Kb1 O-O 14. Ne4 c5 15. Be3 cxd4 16. Bxd4 Qc7 17. g4 Rac8 18. c3 Nxe4 19. Qxe4 Nc5 20. Qe3 Qc6 21. Rde1 Qb5 22. Ka1 Nd3 23. Re2 Rc6 24. Rd2 Nc5 25. Rg1 Ra6 26. Kb1 Qc4 27. b3 Nxb3 28. axb3 Qxb3+ 29. Rb2 Qa3 30. g5 Bxg5 31. Rxg5 hxg5 32. Qxg5 f6 33. Qg4 Qa1+ 34. Kc2 Qa4+ 35. Kd2 Qc4 36. h6 Rf7 37. hxg7 Rxg7 38. Qh5 e5 39. Qe8+ Kh7 40. Qh5+ Kg8 41. Qe8+ Kh7 42. Be3 Rd6+ 43. Ke1 Qg4 44. Ke2 e4 45. Bd4 Qxf3+ 46. Kd2 Rxd4+ 47. cxd4 Qxf2+ 48. Kc3 Qe3+ 49. Kc4 Qd3+ 50. Kd5 Rg5+ 51. Ke6 Qh3+ 52. Kxf6 Qf5+ 53. Ke7 Rg7+ 54. Kd8 Qd5+ 55. Kc8 Qc5+ 56. Kb8 1-0


[Site "https://www.chess.com"]

[Event "Titled Tuesday Blitz May 16 Early 2023"]
[White "Kubicka, Anna"]
[Black "Yonal, Timur"]
[WhiteFideId "1152254"]
[BlackFideId "44115725"]
[WhiteElo "2144"]
[BlackElo "1966"]
[Result "1-0"]
[Round "03"]
[TimeControl "180+2"]
[Date "2023.05.16"]
[WhiteClock "0:00:12"]
[BlackClock "0:00:02"]

1. e4 c5 2. Ne2 d6 3. g3 d5 4. Bg2 dxe4 5. Nec3 Nc6 6. Nxe4 e5 7. O-O Be7 8. Nbc3 Nf6 9. d3 O-O 10. Nxf6+ Bxf6 11. Ne4 Be7 12. Be3 Qb6 13. Rb1 f5 14. Nc3 Be6 15. Nd5 Qd8 16. Nxe7+ Qxe7 17. Qe2 f4 18. gxf4 exf4 19. Bxc5 f3 20. Bxf3 Qg5+ 21. Kh1 Rxf3 22. Qxe6+ Kh8 23. Be3 Qh4 24. Rg1 Rh3 25. Rg2 Rf8 26. Rbg1 Qh5 27. Qg4 Qxg4 28. Rxg4 Ne5 29. R4g3 Rxg3 30. Rxg3 Rf7 31. Kg2 h5 32. h3 Kh7 33. Bd4 Nc6 34. Bc3 g6 35. Re3 Ne7 36. Re6 Nd5 37. Be5 Rf5 38. Re8 Rg5+ 39. Kf3 Rf5+ 40. Ke4 Nb6 41. Rh8# 1-0


[Site "https://www.chess.com"]

[Event "Titled Tuesday Blitz May 16 Early 2023"]
[White "lluiss"]
[Black "Degenbaev, Aziz"]
[BlackFideId "13802640"]
[WhiteElo "2297"]
[BlackElo "2152"]
[Result "1/2-1/2"]
[Round "03"]
[TimeControl "180+2"]
[Date "2023.05.16"]
[WhiteClock "0:00:07"]
[BlackClock "0:00:06"]

1. Nf3 Nf6 2. c4 g6 3. g3 Bg7 4. Bg2 O-O 5. O-O c5 6. Nc3 Nc6 7. d4 d6 8. dxc5 dxc5 9. Be3 Be6 10. Qa4 Qb6 11. Qb5 Nd7 12. Ng5 Bf5 13. Nd5 Qxb5 14. cxb5 Nd4 15. Nxe7+ Kh8 16. Bxd4 cxd4 17. Nxf5 gxf5 18. Bxb7 Rab8 19. Bc6 Ne5 20. Bd5 Rxb5 21. Bb3 h6 22. Nh3 a5 23. Nf4 a4 24. Bxa4 Rxb2 25. Bb3 Ra8 26. Rac1 Bf6 27. Rc5 Re8 28. Rfc1 d3 29. exd3 Nf3+ 30. Kg2 Bd4 31. R5c2 Ne1+ 32. Rxe1 Rxe1 33. Rxb2 Bxb2 34. Bxf7 Bd4 35. Bc4 Rb1 36. Ne6 Bb6 37. Bb3 Rb2 38. d4 Rd2 39. Kf3 Bxd4 40. Nxd4 Rxd4 41. Be6 Ra4 42. Bxf5 Rxa2 43. Kg2 Kg7 44. Bg4 Kf6 45. Bf3 Ke5 46. h4 Rb2 47. Bg4 Kd4 48. Bf3 Kd3 49. g4 Rb5 50. Kg3 Kd2 51. Bg2 Ke2 52. Bf3+ Kf1 53. Bc6 Rb3+ 54. Kf4 Kxf2 55. g5 hxg5+ 56. hxg5 Rg3 57. Be4 Rh3 58. g6 Rh4+ 59. Kf5 Rh8 60. g7 Rg8 61. Kf6 Ke3 62. Kf7 Rxg7+ 63. Kxg7 1/2-1/2


[Site "https://www.chess.com"]

[Event "Titled Tuesday Blitz May 16 Early 2023"]
[White "Kuzmin, Roman"]
[Black "Balint, Vilmos"]
[WhiteFideId "44134932"]
[BlackFideId "718050"]
[WhiteElo "2122"]
[BlackElo "2034"]
[Result "1-0"]
[Round "03"]
[TimeControl "180+2"]
[Date "2023.05.16"]
[WhiteClock "0:01:25"]
[BlackClock "0:00:57"]

1. e4 e6 2. d4 d5 3. Nc3 Bb4 4. e5 Ne7 5. a3 Bxc3+ 6. bxc3 b6 7. Qg4 Ng6 8. a4 h5 9. Qg3 Nc6 10. Ba3 Nce7 11. Bd3 h4 12. Qg4 c5 13. Nh3 Qc7 14. O-O Bd7 15. a5 c4 16. Bxg6 Nxg6 17. Bd6 Qc6 18. Nf4 Nxf4 19. Qxf4 O-O-O 20. axb6 axb6 21. Ra7 Be8 22. Rfa1 Rxd6 23. exd6 Qb5 24. d7+ 1-0


[Site "https://www.chess.com"]

[Event "Titled Tuesday Blitz May 16 Early 2023"]
[White "Santarius, Erik"]
[Black "MIM06"]
[WhiteFideId "2025817"]
[WhiteElo "2300"]
[BlackElo "2283"]
[Result "1-0"]
[Round "03"]
[TimeControl "180+2"]
[Date "2023.05.16"]
[WhiteClock "0:01:48"]
[BlackClock "0:02:23"]

1. e4 c5 2. b3 e6 3. Bb2 a6 4. Nf3 b5 5. d4 cxd4 6. Nxd4 Bb7 7. Bd3 Ne7 8. O-O Nbc6 9. Nd2 Nxd4 10. Bxd4 Nc6 11. Bb2 Rg8 12. Qh5 h6 13. f4 Bc5+ 14. Qxc5 1-0


[Site "https://www.chess.com"]

[Event "Titled Tuesday Blitz May 16 Early 2023"]
[White "Pham, Le Thao Nguyen"]
[Black "Jiganchine, Roman"]
[WhiteFideId "12401226"]
[BlackFideId "2603667"]
[WhiteElo "2286"]
[BlackElo "2258"]
[Result "1-0"]
[Round "03"]
[TimeControl "180+2"]
[Date "2023.05.16"]
[WhiteClock "0:00:08"]
[BlackClock "0:00:16"]

1. d4 d5 2. Nf3 Nf6 3. Bf4 c5 4. e3 e6 5. c3 Nc6 6. Nbd2 Bd6 7. Bg3 O-O 8. Bd3 Qe7 9. Ne5 Nd7 10. Nxd7 Qxd7 11. Bxd6 Qxd6 12. f4 Bd7 13. O-O Be8 14. Qh5 f5 15. Qh4 Qe7 16. Qxe7 Nxe7 17. dxc5 a5 18. a4 Rc8 19. Nb3 Nc6 20. Bb5 Bh5 21. Nd4 Bf7 22. Bxc6 bxc6 23. b4 Rc7 24. Rfb1 Ra8 25. Rb2 h6 26. h4 Kh7 27. Kf2 Kg6 28. b5 cxb5 29. Rxb5 Rac8 30. c6 Be8 31. Rxa5 Kf6 32. Rb1 Bxc6 33. Rb6 Bd7 34. Rxd5 Bxa4 35. Rxe6+ Kf7 36. Rxf5+ Kg8 37. Ra5 Bd1 38. Nf5 Bg4 39. Ne7+ Kf7 40. Nxc8 Bxe6 41. Nd6+ Ke7 42. Nb5 Rc4 43. Ra7+ Kf6 44. Ra6 Ke7 45. Nd4 Bf7 46. Ra7+ Ke8 47. Nf5 Rc6 48. Nxg7+ Kf8 49. Nf5 Rxc3 50. Ra8+ Be8 51. Nd6 Rc2+ 52. Kf3 Rc6 53. Nxe8 Ra6 54. Rxa6 Kxe8 55. Rxh6 1-0


[Site "https://www.chess.com"]

[Event "Titled Tuesday Blitz May 16 Early 2023"]
[White "Liu, Casper"]
[Black "Dahlgren, James Allen"]
[WhiteFideId "1454153"]
[BlackFideId "22256873"]
[WhiteElo "2221"]
[BlackElo "2205"]
[Result "1-0"]
[Round "03"]
[TimeControl "180+2"]
[Date "2023.05.16"]
[WhiteClock "0:00:54"]
[BlackClock "0:00:55"]

1. d4 e6 2. Bf4 c5 3. e3 Nf6 4. Nd2 d5 5. c3 Nc6 6. Bd3 Bd6 7. Bxd6 Qxd6 8. dxc5 Qxc5 9. Ngf3 e5 10. e4 O-O 11. O-O Bg4 12. h3 Bh5 13. Qc2 Rad8 14. exd5 Qxd5 15. Bc4 Qc5 16. b4 Qd6 17. Rfe1 Bg6 18. Qb3 e4 19. Nd4 Nxd4 20. cxd4 Qxd4 21. Rad1 Qb6 22. a4 a5 23. bxa5 Qxa5 24. Nf1 Rxd1 25. Rxd1 Qc5 26. Ne3 b6 27. Rb1 Rb8 28. Qc3 h6 29. Bxf7+ Bxf7 30. Qxc5 bxc5 31. Rxb8+ Kh7 32. a5 c4 33. a6 c3 34. a7 Bd5 35. Nxd5 1-0


[Site "https://www.chess.com"]

[Event "Titled Tuesday Blitz May 16 Early 2023"]
[White "Antonio, Jorge Carlos"]
[Black "Titichoca Daza, Daniel"]
[WhiteFideId "113190"]
[BlackFideId "3309550"]
[WhiteElo "2247"]
[BlackElo "2101"]
[Result "0-1"]
[Round "03"]
[TimeControl "180+2"]
[Date "2023.05.16"]
[WhiteClock "0:00:00"]
[BlackClock "0:00:12"]

1. e4 e5 2. Nf3 Nc6 3. Bb5 a6 4. Ba4 Nf6 5. d3 Be7 6. O-O b5 7. Bb3 O-O 8. a4 Rb8 9. axb5 axb5 10. Nc3 d6 11. Nd5 Bg4 12. c3 b4 13. h3 Bxf3 14. gxf3 bxc3 15. bxc3 Nd7 16. Ba4 Ra8 17. Be3 Ncb8 18. Kh2 Nf6 19. Nxe7+ Qxe7 20. Rg1 Nbd7 21. Bh6 Nh5 22. Bxd7 Rxa1 23. Qxa1 Qxd7 24. Rg5 Kh8 25. Rxh5 gxh6 26. Rf5 f6 27. Qc1 Qg7 28. Qg1 Ra8 29. f4 Qxg1+ 30. Kxg1 Kg7 31. fxe5 fxe5 32. Kg2 Ra3 33. d4 Rxc3 34. dxe5 Rc5 35. f4 dxe5 36. fxe5 Rc3 37. h4 Re3 38. Kf2 Rxe4 39. h5 c5 40. Kf3 Re1 41. Kf2 Rd1 42. Ke2 Rd7 43. e6 Rc7 44. Re5 Kf6 0-1


[Site "https://www.chess.com"]

[Event "Titled Tuesday Blitz May 16 Early 2023"]
[White "Thiel, Thomas"]
[Black "Rangel, Daniel"]
[WhiteFideId "4615964"]
[BlackFideId "2124475"]
[WhiteElo "2188"]
[BlackElo "2256"]
[Result "1-0"]
[Round "03"]
[TimeControl "180+2"]
[Date "2023.05.16"]
[WhiteClock "0:00:24"]
[BlackClock "0:01:15"]

1. e4 c5 2. Nc3 g6 3. d4 cxd4 4. Qxd4 Nf6 5. Be3 Nc6 6. Qd2 Bg7 7. f3 O-O 8. Nge2 d6 9. Nf4 Qd7 10. O-O-O Qc7 11. Kb1 Qa5 12. h4 h5 13. Bc4 Ne5 14. Bb3 Be6 15. Nxe6 fxe6 16. Bxe6+ Kh7 17. Nd5 Qxd2 18. Rxd2 Nc4 19. Nxf6+ Bxf6 20. Bxc4 Rfc8 21. Bd5 Rab8 22. Bxa7 Ra8 23. Bd4 e5 24. Be3 Rd8 25. Bg5 Bxg5 26. hxg5 Rab8 27. g4 b5 28. gxh5 gxh5 29. Rxh5+ Kg6 30. Rh4 b4 31. Rg4 Rh8 32. b3 Rh3 33. Rf2 Rf8 34. Be6 Rh1+ 35. Kb2 Rd1 36. Bf5+ Kg7 37. Rh2 d5 38. Rh7+ Kg8 39. g6 Re8 40. g7 Rh1 41. Rxh1 Kf7 42. Rh8 Rg8 43. Rxg8 dxe4 44. Rf8+ Ke7 45. g8=Q exf3 46. Qf7+ Kd6 47. Be4 Kc5 48. Qxf3 Kd4 49. Qd3+ Kc5 50. Qd5+ Kb6 51. Rg6+ Kc7 52. Rf7+ Kc8 53. Rg8# 1-0


[Site "https://www.chess.com"]

[Event "Titled Tuesday Blitz May 16 Early 2023"]
[White "Mika, Tomasz"]
[Black "Cramling Bellon, Anna"]
[WhiteFideId "1132970"]
[BlackFideId "32009232"]
[WhiteElo "2179"]
[BlackElo "1976"]
[Result "1-0"]
[Round "03"]
[TimeControl "180+2"]
[Date "2023.05.16"]
[WhiteClock "0:01:24"]
[BlackClock "0:00:03"]

1. d4 Nf6 2. Bf4 d5 3. Nf3 c5 4. e3 Nc6 5. Nbd2 cxd4 6. exd4 Bf5 7. c3 e6 8. Be2 Be7 9. O-O h6 10. Re1 O-O 11. Ne5 Nxe5 12. Bxe5 Nd7 13. Bg3 Rc8 14. Nf3 Qb6 15. Qb3 a6 16. Ne5 Qxb3 17. axb3 Nxe5 18. Bxe5 Bc2 19. b4 Rfd8 20. Bg3 Bd6 21. Bxd6 Rxd6 22. f4 b5 23. Kf2 Bb3 24. Ra3 Bc4 25. Bf3 Bd3 26. Ke3 Bc2 27. Kd2 Bg6 28. g3 Rcc6 29. h3 Bh7 30. Raa1 g5 31. Re5 f6 32. Re3 gxf4 33. gxf4 Bf5 34. Rg1+ Kf8 35. Bh5 Rd7 36. Reg3 Bh7 37. Bg6 Rg7 38. Bxh7 Rxh7 39. Rg8+ Ke7 40. Ra8 Kd6 41. Rgg8 Rcc7 42. Rxa6+ Ke7 43. Rb6 Kf7 44. Rg1 h5 45. Rxb5 h4 46. Rc5 Ra7 47. b5 Ke7 48. Rg8 Kf7 49. Rgc8 Rg7 50. R8c7+ Rxc7 51. Rxc7+ Kf8 52. Rxg7 Kxg7 1-0


[Site "https://www.chess.com"]

[Event "Titled Tuesday Blitz May 16 Early 2023"]
[White "Smirnov, Pavel"]
[Black "Buchenau, Frank"]
[WhiteFideId "4123425"]
[BlackFideId "4604350"]
[WhiteElo "2520"]
[BlackElo "2157"]
[Result "1-0"]
[Round "03"]
[TimeControl "180+2"]
[Date "2023.05.16"]
[WhiteClock "0:02:12"]
[BlackClock "0:00:26"]

1. d4 e6 2. Nf3 Nf6 3. g3 b6 4. Bg2 Bb7 5. O-O Be7 6. c4 O-O 7. Nc3 Ne4 8. Bd2 f5 9. Ne5 Nxc3 10. Bxc3 Bxg2 11. Kxg2 Bf6 12. Qd3 Bxe5 13. dxe5 Nc6 14. Rad1 Rf7 15. f4 a5 16. Qf3 Qe7 17. Rd2 Rd8 18. Rfd1 h6 19. h4 Kh7 20. h5 Qf8 21. Kh2 Qg8 22. g4 g6 23. Rg1 Rg7 24. Rdd1 Rf8 25. hxg6+ Rxg6 26. Rxd7+ Rf7 27. Rxf7+ Qxf7 28. Qxc6 Rxg4 29. Rxg4 Qh5+ 30. Kg1 Qxg4+ 31. Qg2 1-0


[Site "https://www.chess.com"]

[Event "Titled Tuesday Blitz May 16 Early 2023"]
[White "Prieto Aranguren, Alain"]
[Black "Camilla_Lee"]
[WhiteFideId "2268906"]
[WhiteElo "2209"]
[BlackElo "2616"]
[Result "1/2-1/2"]
[Round "03"]
[TimeControl "180+2"]
[Date "2023.05.16"]
[WhiteClock "0:00:15"]
[BlackClock "0:00:41"]

1. e4 e5 2. Ne2 Nc6 3. Nec3 Nf6 4. Bb5 a6 5. Bxc6 bxc6 6. O-O d5 7. exd5 cxd5 8. Re1 Bd6 9. d4 e4 10. Bg5 O-O 11. Nxd5 Bxh2+ 12. Kxh2 Qxd5 13. Bxf6 gxf6 14. Nc3 Qd6+ 15. Kg1 f5 16. Qh5 Kh8 17. Re3 Qg6 18. Qh4 Rg8 19. Rg3 Qd6 20. Rxg8+ Kxg8 21. Re1 Bb7 22. Re3 f4 23. Rh3 Qxd4 24. Qxh7+ Kf8 25. Qh6+ Ke7 26. Qxf4 Rg8 27. Re3 c5 28. Nxe4 Qd1+ 29. Kh2 Rh8+ 30. Rh3 Rxh3+ 31. Kxh3 Qh5+ 32. Kg3 Qg6+ 33. Qg5+ Qxg5+ 34. Nxg5 Kf6 35. Nf3 Kf5 36. Nd2 Ke5 37. f3 Kd4 38. Kf4 c4 39. Ne4 Bd5 40. Nc3 Be6 41. g4 a5 42. g5 Bd7 43. Ne4 Bc6 44. Nd6 Bd5 45. Kf5 Bxf3 46. Nxf7 Be4+ 47. Kf6 Bxc2 48. g6 Bxg6 49. Kxg6 c3 50. bxc3+ Kxc3 51. Nd6 Kb2 52. a4 Kb3 53. Kf5 Kxa4 54. Ke4 Kb3 55. Kd4 a4 56. Nc4 Kb4 57. Kd3 Kb3 58. Kd4 a3 59. Nxa3 1/2-1/2


[Site "https://www.chess.com"]

[Event "Titled Tuesday Blitz May 16 Early 2023"]
[White "Mortazavi, Ali"]
[Black "Mike24147"]
[WhiteFideId "401323"]
[WhiteElo "2339"]
[BlackElo "2326"]
[Result "1-0"]
[Round "03"]
[TimeControl "180+2"]
[Date "2023.05.16"]
[WhiteClock "0:00:35"]
[BlackClock "0:00:00"]

1. Nf3 d5 2. g3 Nf6 3. Bg2 c6 4. O-O Bf5 5. d3 e6 6. c4 Bd6 7. Be3 O-O 8. Qb3 Qc8 9. Nc3 Nbd7 10. cxd5 exd5 11. Rac1 Qb8 12. Nd4 Bg6 13. Bh3 c5 14. Nxd5 cxd4 15. Bxd4 Nxd5 16. Bxd7 Nf6 17. Bxf6 gxf6 18. Bh3 Be5 19. Bg2 Qd6 20. Rfd1 Bd4 21. e3 Bb6 22. d4 Rac8 23. Bxb7 Rxc1 24. Rxc1 Rb8 25. Qd5 Qxd5 26. Bxd5 a5 27. b3 Kf8 28. g4 Bd3 29. Rc3 Bb5 30. f4 Bd7 31. h3 Be6 32. Be4 h6 33. Rc6 Ke7 34. Kf2 Bd7 35. Rc2 a4 36. bxa4 Bxa4 37. Rb2 Bc7 38. Rxb8 Bxb8 39. Bd5 Bd7 40. Kf3 Be6 41. Ke4 Kd6 42. Bxe6 fxe6 43. h4 Bc7 44. f5 Bd8 45. a4 e5 46. g5 fxg5 47. hxg5 hxg5 48. dxe5+ Ke7 49. Kf3 Bc7 50. Ke4 Kf7 51. Kd4 g4 52. Ke4 Bxe5 53. a5 Bb8 54. a6 1-0


[Site "https://www.chess.com"]

[Event "Titled Tuesday Blitz May 16 Early 2023"]
[White "Allahverdiyeva, Ayan"]
[Black "Berezin, Viktor"]
[WhiteFideId "13412590"]
[BlackFideId "14107872"]
[WhiteElo "1980"]
[BlackElo "2310"]
[Result "1-0"]
[Round "03"]
[TimeControl "180+2"]
[Date "2023.05.16"]
[WhiteClock "0:02:13"]
[BlackClock "0:01:51"]

1. e4 g6 2. d4 Bg7 3. Nc3 d6 4. Nf3 Nf6 5. Bg5 O-O 6. Qd2 a6 7. O-O-O b5 8. Bd3 Bb7 9. Bh6 b4 10. Nd5 Nxd5 11. exd5 Bxd5 12. h4 Nd7 13. h5 f5 14. hxg6 hxg6 15. Bxg7 Kxg7 16. Qh6+ Kf7 17. Ng5+ Ke8 18. Qxg6+ Bf7 19. Nxf7 Rxf7 20. Bc4 1-0


[Site "https://www.chess.com"]

[Event "Titled Tuesday Blitz May 16 Early 2023"]
[White "Szente Varga, Fruzsina"]
[Black "Melikyan, Gnel"]
[WhiteFideId "712264"]
[BlackFideId "54109990"]
[WhiteElo "1994"]
[BlackElo "2138"]
[Result "0-1"]
[Round "03"]
[TimeControl "180+2"]
[Date "2023.05.16"]
[WhiteClock "0:00:03"]
[BlackClock "0:00:50"]

1. e4 c5 2. Nf3 Nf6 3. e5 Nd5 4. b3 Nc6 5. Bb2 g6 6. e6 f6 7. exd7+ Qxd7 8. Bc4 Nb6 9. Bb5 a6 10. Bxc6 Qxc6 11. O-O Bg4 12. d3 Bh6 13. Re1 e5 14. Nxe5 Bxd1 15. Nxc6+ Kd7 16. Rxd1 Kxc6 17. Bxf6 Rhe8 18. Nd2 Re2 19. Ne4 Rxc2 20. d4 cxd4 21. Rxd4 Re8 22. Ng3 Nd5 23. Rh4 Bc1 24. Bd4 Re1+ 25. Nf1 h5 26. Be3 Nxe3 0-1


[Site "https://www.chess.com"]

[Event "Titled Tuesday Blitz May 16 Early 2023"]
[White "Onslow, Alfie"]
[Black "Arat, Ufuk Sezen"]
[WhiteFideId "436976"]
[BlackFideId "6309089"]
[WhiteElo "2114"]
[BlackElo "2289"]
[Result "1-0"]
[Round "03"]
[TimeControl "180+2"]
[Date "2023.05.16"]
[WhiteClock "0:00:03"]
[BlackClock "0:00:04"]

1. e4 c5 2. Nc3 e6 3. Nf3 d5 4. exd5 exd5 5. d4 cxd4 6. Nxd4 Nf6 7. Bb5+ Bd7 8. O-O Be7 9. Nf5 O-O 10. Nxe7+ Qxe7 11. Nxd5 Nxd5 12. Qxd5 Bxb5 13. Qxb5 Nc6 14. Be3 Qe4 15. c3 a6 16. Qb6 Ne5 17. Qd4 Qf5 18. Qf4 Qxf4 19. Bxf4 Nd3 20. Bd6 Rfd8 21. Ba3 Ne5 22. b3 Rd3 23. Rfe1 f6 24. c4 Nxc4 25. bxc4 Rxa3 26. Re7 Rc8 27. g3 b5 28. cxb5 axb5 29. Rd1 Kh8 30. Rdd7 Rg8 31. Ra7 Rxa7 32. Rxa7 Rc8 33. Rb7 h5 34. Rxb5 g6 35. a4 Rc1+ 36. Kg2 Ra1 37. Ra5 Kg7 38. Ra7+ Kh6 39. h4 Ra3 40. a5 g5 41. hxg5+ Kxg5 42. a6 Ra2 43. Rg7+ Kh6 44. Ra7 Kg5 45. Ra8 Ra3 46. a7 Kf5 47. Kh3 Ra4 48. f4 Ra1 49. Rh8 Rxa7 50. Rxh5+ Kg6 51. Rb5 Ra1 52. Kg4 Ra7 53. Rb6 Re7 54. f5+ Kg7 55. Re6 Rc7 56. Kh4 Rc4+ 57. g4 Rc7 58. Kh5 Rd7 59. g5 fxg5 60. Kxg5 Rc7 61. Rg6+ Kf7 62. Rh6 Kg7 63. Rg6+ Kh7 64. Rh6+ Kg8 65. Kg6 Rg7+ 66. Kf6 Rg1 67. Rg6+ Rxg6+ 68. Kxg6 Kh8 69. Kf7 Kh7 70. f6 1-0


[Site "https://www.chess.com"]

[Event "Titled Tuesday Blitz May 16 Early 2023"]
[White "De Souza, Cristiano Gomes"]
[Black "Ezat, Mohamed"]
[WhiteFideId "2151758"]
[BlackFideId "10600906"]
[WhiteElo "2068"]
[BlackElo "2386"]
[Result "0-1"]
[Round "03"]
[TimeControl "180+2"]
[Date "2023.05.16"]
[WhiteClock "0:00:05"]
[BlackClock "0:00:29"]

1. d4 Nf6 2. c4 c5 3. d5 e5 4. Nc3 d6 5. e4 g6 6. Nf3 Bg7 7. Be2 O-O 8. O-O Ne8 9. Ne1 f5 10. Nd3 Nf6 11. f3 f4 12. a3 g5 13. Rb1 h5 14. b4 b6 15. Bd2 Rf7 16. Qc2 g4 17. fxg4 hxg4 18. Ne1 Nbd7 19. Qd3 Nf8 20. Rb3 Ng6 21. Bd1 Bh6 22. Qe2 Rh7 23. bxc5 bxc5 24. a4 Qf8 25. Bc2 Bg5 26. g3 Qh6 27. gxf4 Bxf4 28. Bxf4 Nxf4 29. Rxf4 Qxf4 30. Qf2 Qg5 31. Ng2 Ba6 32. Ne2 Bxc4 33. Rg3 Nh5 34. Rc3 Rf8 35. Qe3 Qf6 36. Ng3 Qf1+ 37. Nxf1 Rxf1# 0-1


[Site "https://www.chess.com"]

[Event "Titled Tuesday Blitz May 16 Early 2023"]
[White "Mayeregger, Arnold"]
[Black "Mikhaylova, Irina"]
[WhiteFideId "3705226"]
[BlackFideId "4109040"]
[WhiteElo "2038"]
[BlackElo "1975"]
[Result "1-0"]
[Round "03"]
[TimeControl "180+2"]
[Date "2023.05.16"]
[WhiteClock "0:00:29"]
[BlackClock "0:00:12"]

1. c4 Nf6 2. Nc3 d5 3. cxd5 Nxd5 4. e4 Nxc3 5. dxc3 Qxd1+ 6. Kxd1 e5 7. Bd3 Be6 8. Be3 Nd7 9. Kc2 Bc5 10. Bxc5 Nxc5 11. Ne2 O-O-O 12. Rhd1 Rd7 13. b4 Nxd3 14. Rxd3 Rhd8 15. Rxd7 Rxd7 16. a3 f6 17. Ng3 Bc4 18. Re1 Be6 19. Nf1 c6 20. Ne3 Kc7 21. g3 Rd8 22. Rd1 Ra8 23. c4 a5 24. b5 Rd8 25. Rxd8 Kxd8 26. bxc6 bxc6 27. Kc3 Kc7 28. Nd1 Bg4 29. Nb2 Bf3 30. Kd3 Bg2 31. Na4 Bf1+ 32. Kc3 Bg2 33. Kd3 Bf1+ 34. Kc3 Bg2 35. Nc5 Kb6 36. Ne6 g5 37. Nf8 Bxe4 38. Nd7+ Kc7 39. Nxf6 Bf3 40. Nxh7 Kd6 41. Nxg5 Bg2 42. h4 Ke7 43. Kd3 Kf6 44. c5 Bf1+ 45. Ke3 Bg2 46. Ne4+ Kf5 47. Nd6+ Kg4 48. Nc4 Kf5 49. Nxa5 Bd5 50. Nb7 Ke6 51. a4 Bc4 52. a5 Kd5 53. h5 Ba6 54. Nd8 Kxc5 55. h6 Bc4 56. h7 1-0


[Site "https://www.chess.com"]

[Event "Titled Tuesday Blitz May 16 Early 2023"]
[White "Shapiro, Viktor"]
[Black "Blokhin, Sofia"]
[WhiteFideId "4175700"]
[BlackFideId "4508190"]
[WhiteElo "2152"]
[BlackElo "1994"]
[Result "1-0"]
[Round "03"]
[TimeControl "180+2"]
[Date "2023.05.16"]
[WhiteClock "0:00:27"]
[BlackClock "0:00:00"]

1. c4 c5 2. Nc3 Nf6 3. g3 d5 4. cxd5 Nxd5 5. Bg2 Nc7 6. Nf3 Nc6 7. O-O e5 8. d3 Be7 9. a3 O-O 10. Bd2 Be6 11. Rb1 f6 12. h4 Qd7 13. Ne4 b6 14. b4 cxb4 15. axb4 Rad8 16. b5 Nd4 17. Nxd4 exd4 18. Bb4 Bxb4 19. Rxb4 Nxb5 20. Qa4 Nc3 21. Nxc3 dxc3 22. Bc6 Qd6 23. Rc1 Rc8 24. Rxc3 b5 25. Qxb5 Rb8 26. Bb7 Rf7 27. Rc6 Qe7 28. Qa5 Rxb7 29. Rxb7 Qxb7 30. Rxe6 h6 31. Re8+ Kh7 32. h5 f5 33. Qe5 Qb1+ 34. Kg2 Qb7+ 35. f3 f4 36. gxf4 Qd7 37. Qe4+ Qf5 38. Re5 Qxe4 39. Rxe4 Rf5 40. Ra4 Rxh5 41. Rxa7 Rf5 42. Kg3 h5 43. e4 Rb5 44. f5 Rb3 45. d4 Kh6 46. d5 Rd3 47. Ra6+ 1-0


[Site "https://www.chess.com"]